 Dungeon Crawl Stone Soup version 0.28.0-1-gb440e238dd (webtiles) character file.

Game seed: 9526184124391281456

763 Hasart the Caller (level 7, -1/36 HPs)
             Began as a Tengu Summoner on Feb 19, 2022.
             Was an Initiate of Vehumet.
             Succumbed to a killer bee's poison
             ... on level 8 of the Dungeon.
             The game lasted 00:11:29 (6269 turns).

Hasart the Caller (Tengu Summoner)                  Turns: 6269, Time: 00:11:29

Health: -1/36      AC:  3    Str:  8    XL:     7   Next: 81%
Magic:  14/14      EV: 16    Int: 18    God:    Vehumet [......]
Gold:   222        SH:  0    Dex: 14    Spells: 4/14 levels left

rFire   . . .      SeeInvis .   x - +6 falchion of Anger {vamp, rN+}
rCold   . . .      Faith    .   (no shield)
rNeg    + . .      Spirit   .   a - +0 robe
rPois   +          Reflect  .   (helmet restricted)
rElec   .          Harm     .   (no cloak)
rCorr   .          Rampage  .   m - +0 pair of gloves
Will    .....                   (boots unavailable)
Stlth   ++........              (no amulet)
HPRegen 0.12/turn               h - ring of poison resistance
MPRegen 0.14/turn               (no ring)

@: mighty, brilliant, lethally poisoned (-1 -> -9), about to teleport, flying
quickly and evasively, quick
A: beak, talons 3, nimble flight
a: Renounce Religion


You were on level 8 of the Dungeon.
You worshipped Vehumet.
Vehumet was noncommittal.
You visited 2 branches of the dungeon, and saw 8 of its levels.

You collected 264 gold pieces.
You spent 42 gold pieces at shops.

Inventory:

Hand Weapons
 x - the +6 falchion of Anger (weapon) {vamp, rN+}
   (You found it on level 5 of the Dungeon)

   It occasionally heals its wielder for a portion of the damage dealt when it
   wounds a living foe.
   rN:        It protects you from negative energy.
Armour
 a - a +0 robe (worn)
 m - a +0 pair of gloves (worn)
Jewellery
 h - a ring of poison resistance (left hand)
Wands
 s - a wand of flame (23)
Scrolls
 b - 4 scrolls of identify {unknown}
 d - 2 scrolls of noise {unknown}
 e - a scroll of holy word {unknown}
 i - 2 scrolls of fear {unknown}
 k - a scroll of immolation {unknown}
 l - 2 scrolls of magic mapping {unknown}
 n - 2 scrolls of blinking {unknown}
 p - a scroll of teleportation
 r - a scroll of vulnerability {unknown}
 v - a scroll of enchant weapon {unknown}
 w - a scroll of fog {unknown}
Potions
 c - a potion of might
 g - a potion of haste {unknown}
 j - a potion of berserk rage {unknown}
 o - a potion of brilliance
 q - 2 potions of mutation {unknown}
 t - 2 potions of heal wounds {unknown}
 u - a potion of cancellation {unknown}


   Skills:
 + Level 5.1 Dodging
 - Level 2.3 Stealth
 + Level 4.3 Spellcasting
 + Level 7.1 Summonings
 + Level 4.3 Air Magic


You had 4 spell levels left.
You knew the following spells:

 Your Spells              Type           Power      Damage    Failure   Level
a - Summon Small Mammal   Summ           100%       N/A       1%          1
b - Call Imp              Summ           44%        N/A       1%          2
c - Call Canine Familiar  Summ           44%        N/A       2%          3
d - Summon Lightning Spi  Summ/Air       36%        N/A       13%         4

Your spell library contained the following spells:

 Spells                   Type           Power      Damage    Failure   Level
 Summon Guardian Golem    Hex/Summ       25%        N/A       10%         3
 Sublimation of Blood     Necr           5%         N/A       22%         2
 Portal Projectile        Hex/Tloc       10%        N/A       38%         3
 Leda's Liquefaction      Hex/Erth       2%         N/A       80%         4
 Petrify                  Tmut/Erth      5%         N/A       80%         4
 Irradiate                Conj/Tmut      2%         3d14      98%         5
 Orb of Destruction       Conj           2%         9d5       100%        7
 Spellforged Servitor     Conj/Summ      12%        N/A       100%        7


Dungeon Overview and Level Annotations

Branches:
Dungeon (6/15)             Temple (1/1) D:4

Altars:
Ashenzari
Cheibriados
Dithmenos
Elyvilon
Gozag
Hepliaklqana
Kikubaaqudgha
Makhleb
Nemelex Xobeh
Okawaru
Qazlal
Sif Muna
Trog
Vehumet
Wu Jian
Xom
Zin
The Shining One

Shops:
D:1 (   D:2 =   D:3 ?

Annotations:
D:6 2 runed translucent doors, Subbak's ghost, novice FoAK
D:8 Erica


Innate Abilities, Weirdness & Mutations

You have a beak for a mouth.
You have claws for feet.
Your magical nature lets you fly swiftly and evasively.


Message History

You feel strangely unstable. The killer bee misses you.
The killer bee barely misses you.
Unknown command.
Unknown command.
Okay, then.
The killer bee stings you. x2
* * * LOW HITPOINT WARNING * * *
The killer bee stings you.
* * * LOW HITPOINT WARNING * * *
The killer bee stings you.
* * * LOW HITPOINT WARNING * * *
It was a potion of might.
You feel very mighty all of a sudden. The killer bee stings you.
* * * LOW HITPOINT WARNING * * *
The killer bee barely misses you. The killer bee closely misses you.
The killer bee misses you. The killer bee barely misses you.
Unknown command.
Found a red potion.
Your surroundings seem slightly different.
Unknown command.
Okay, then.
It was a potion of curing.
You feel better.
The killer bee stings you but does no damage.
The orc barely misses you.
Okay, then.
As you read the scroll of teleportation, it crumbles to dust.
You feel strangely unstable. The killer bee stings you.
* * * LOW HITPOINT WARNING * * *
The killer bee stings you.
* * * LOW HITPOINT WARNING * * *
The killer bee stings you.
* * * LOW HITPOINT WARNING * * *
You are lethally poisoned!
The killer bee poisons you! The orc hits you with a +0 whip.
* * * LOW HITPOINT WARNING * * *
The killer bee closely misses you.
It was a potion of brilliance.
You feel clever all of a sudden.
You die...

##...........#
#............## ##
#............. . ##.##
#.............
#.#....##.............
......................
........o.y...........
.......yyyyy..........
.......@oyy...........
........o.yY!.........
........y.............
................?.....
............##........
#...........# .......
#..........## ......
...........# ...$.
..........# ...#


You could see an ice beast, 10 killer bees and 3 orcs.

Vanquished Creatures
  2 black bears (D:6)
  A crimson imp (D:4)
  A howler monkey (D:5)
  An orc wizard (D:6)
  An adder (D:3)
  A shadow imp (D:5)
  A worm (D:2)
  2 dart slugs
  9 orcs
  2 ball pythons
  2 bats
  2 endoplasms
  A giant cockroach (D:1)
  5 goblins
  6 hobgoblins
  3 jackals (D:2)
  7 quokkas
  4 frilled lizards
  8 kobolds
  5 rats
64 creatures vanquished.

Vanquished Creatures (collateral kills)
  An ice beast (D:6)
  An orc warrior (D:6)
  A water moccasin skeleton (D:5)
  A bullfrog zombie (D:5)
  A bullfrog skeleton (D:5)
  An orc priest (D:3)
  A killer bee zombie (D:6)
  2 adders
  A worm (D:4)
  A dart slug (D:4)
  5 orcs
  A bat (D:2)
  A giant cockroach (D:3)
  A goblin (D:3)
  2 kobolds
21 creatures vanquished.

Grand Total: 85 creatures vanquished

Notes
Turn   | Place    | Note
-------+----------+-------------------------------------------
     0 | D:1      | Hasart the Tengu Summoner began the quest for the Orb.
     0 | D:1      | Reached XP level 1. HP: 10/10 MP: 4/4
   549 | D:1      | Found a faded altar of an unknown god.
   569 | D:1      | Reached XP level 2. HP: 15/15 MP: 6/6
   578 | D:1      | Found Covud's Antique Weapon Emporium.
   584 | D:1      | Reached skill level 5 in Summonings
  1081 | D:2      | Learned a level 2 spell: Call Imp
  1570 | D:2      | Reached XP level 3. HP: 15/19 MP: 4/7
  2270 | D:2      | Found Onaj's Jewellery Boutique.
  2421 | D:2      | Reached XP level 4. HP: 20/24 MP: 8/8
  3221 | D:3      | Gained mutation: Your magical nature lets you fly swiftly
                  | and evasively. [Tengu growth]
  3221 | D:3      | Reached XP level 5. HP: 23/28 MP: 7/10
  3228 | D:3      | Learned a level 3 spell: Call Canine Familiar
  3233 | D:3      | Learned a level 4 spell: Summon Lightning Spire
  3518 | D:3      | Found Jiklucac's Magic Scroll Shop.
  3594 | D:3      | Bought a scroll of teleportation for 42 gold pieces
  3909 | D:4      | Found a staircase to the Ecumenical Temple.
  3919 | Temple   | Entered the Ecumenical Temple
  3997 | Temple   | Became a worshipper of Vehumet
  4159 | D:4      | Found the +7 mace of Variability {chain chaos}
  4183 | D:4      | Reached skill level 1 in Air Magic
  4447 | D:4      | Found a shimmering altar of Xom.
  4450 | D:4      | Found a burning altar of Makhleb.
  4457 | D:4      | Reached skill level 6 in Summonings
  4542 | D:5      | Entered Level 5 of the Dungeon
  4559 | D:5      | Reached XP level 6. HP: 10/32 MP: 7/12
  5189 | D:5      | Identified the +6 falchion of Anger {vamp, rN+}
  5363 | D:6      | Found a shadowy altar of Dithmenos.
  5583 | D:6      | Noticed an orc warrior
  5592 | D:6      | Killed an orc warrior
  5593 | D:6      | Reached XP level 7. HP: 36/36 MP: 6/13
  5691 | D:6      | Found a runed translucent door.
  5911 | D:6      | Noticed Subbak's ghost (novice FoAK)
  5929 | D:6      | Found a snail-covered altar of Cheibriados.
  5932 | D:6      | Found a hazy altar of Hepliaklqana.
  5936 | D:6      | Found a shimmering blue altar of Sif Muna.
  5954 | D:6      | Found a runed translucent door.
  5972 | D:6      | Reached skill level 7 in Summonings
  6138 | D:6      | Reached skill level 5 in Dodging
  6255 | D:6      | You are sucked into a shaft and drop 2 floors!
  6261 | D:8      | Noticed Erica
  6265 | D:8      | HP: 1/36 [killer bee (5)]
  6269 | D:8      | Succumbed to a killer bee's poison

Illustrated notes

Levels and vault maps discovered:
D:1:      minmay_arrival_diagonal_passages, layout_basic,
          shapermc_ecumenical_altar_acropolis, serial_shops, shop
D:2:      layout_basic, serial_shops, nicolae_shop_advertising_works
          [nicolae_subvault_shop_adworks], grunt_ministairs_5
D:3:      layout_basic, serial_shops,
          nicolae_shop_temple_entry_statues_fountains
D:4:      layout_rooms, grunt_temple_overflow_champion_of_chaos,
          minmay_temple_entry_butterflies
D:5:      nicolae_cairo_tiling, layout_gridville
D:6:      kennysheep_six_static_rooms, layout_gridville,
          nicolae_dithmenos_the_darkroom, grunt_temple_overflow_diamond,
          ebering_ghost_sewer_f, uniq_menkaure
D:8:      layout_cave_pools, gammafunk_ghost_abyssal_escape, uniq_erica
Temple:   minmay_temple_bridge_abc

Skill      XL: |  1  2  3  4  5  6  7 |
---------------+----------------------+-----
Summonings     | 5 6 7 |  7.1
Dodging        | 3 4 5 |  5.1
Spellcasting   | 3 4 |  4.3
Air Magic      | 1 3 4 |  4.3
Stealth        | |  2.3

Action                   |  1- 3 |  4- 6 |  7- 9 || total
-------------------------+-------+-------+-------++-------
Melee: Unarmed           |     9 |       |       ||     9
       Dagger            |    38 |       |       ||    38
       Kick              |    18 |    24 |     3 ||    45
       Peck              |     8 |    16 |     2 ||    26
       Punch             |     2 |     1 |       ||     3
       Short sword       |    25 |    99 |       ||   124
       Falchion          |       |     9 |    14 ||    23
 Cast: Summon Small Mamm |     3 |       |       ||     3
       Call Imp          |     6 |     4 |       ||    10
       Call Canine Famil |       |     6 |     3 ||     9
       Summon Lightning  |       |     1 |     2 ||     3
  Use: Scroll            |       |       |     3 ||     3
       Potion            |       |       |     3 ||     3
 Stab: Sleeping          |     5 |     9 |       ||    14
       Distracted        |       |     1 |       ||     1
Armor: Robe              |     8 |     5 |     7 ||    20
Dodge: Dodged            |    43 |    70 |    31 ||   144
